 Dungeon Crawl Stone Soup version 0.17.1-3-g152610e (webtiles) character file.

74 Metrazal the Sneak (level 4, -3/22 HPs)
             Began as a Spriggan Assassin on Feb 20, 2016.
             Slain by Gargoyl's ghost (10 damage)
             ... on level 3 of the Dungeon.
             The game lasted 00:24:51 (2500 turns).

Metrazal the Sneak (Spriggan Assassin)              Turns: 2500, Time: 00:24:51

Health: -3/22      AC:  3    Str:  7    XL:     4   Next: 9%
Magic:  14/14      EV: 19    Int: 12    God:
Gold:   77         SH:  0    Dex: 18    Spells: 0 memorised, 3 levels left

rFire  x . .     SeeInvis +     a - +2 dagger
rCold  + . .     Clarity  .     k - +0 robe
rNeg   . . .     SustAt   .     (shield restricted)
rPois  .         Gourm    .     (helmet restricted)
rElec  .         Spirit   .     d - +0 cloak
rCorr  .         Warding  .     (gloves unavailable)
rMut   .         Stasis   .     (boots unavailable)
MR     .....                    u - amulet of faith
Stlth  ++++......               t - ring of ice
                                q - ring of magical power

@: very quick, not resistant to hostile enchantments, stealthy
A: unfitting armour, see invisible, herbivore 3, speed 3, slow metabolism 2
a: no special abilities


You were on level 3 of the Dungeon.
You were not hungry.

You visited 1 branch of the dungeon, and saw 3 of its levels.

You collected 77 gold pieces.

Inventory:

Hand Weapons
 a - a +2 dagger (weapon)
 b - a +0 blowgun
 c - a +0 hunting sling
Missiles
 e - 26 poisoned needles
 f - 2 curare-tipped needles
Armour
 d - a +0 cloak (worn)
 k - a +0 robe (worn)
Jewellery
 q - a ring of magical power (left hand)
 t - a ring of ice (right hand)
 u - an amulet of faith (around neck)
Scrolls
 h - 3 scrolls of blinking {unknown}
 j - 3 scrolls of identify {unknown}
 l - a scroll of teleportation {unknown}
 m - 2 scrolls of magic mapping {unknown}
 n - a scroll of remove curse {unknown}
Potions
 p - 2 potions of curing {unknown}
 r - a potion of magic {unknown}
 s - 2 potions of resistance {unknown}
Comestibles
 g - 3 bread rations


   Skills:
 - Level 1.5 Fighting
 + Level 2.9 Short Blades
 * Level 2.0(2.6) Slings
 - Level 2.0(2.3) Throwing
 + Level 3.4 Dodging
 + Level 6.5 Stealth


You had 3 spell levels left.
You didn't know any spells.

Dungeon Overview and Level Annotations

Branches:
Dungeon (3/15)

Altars:
Cheibriados
Nemelex Xobeh
Qazlal
Xom

Annotations:
D:3 Gargoyl's ghost, amateur DsAK


Innate Abilities, Weirdness & Mutations

You are tiny and cannot use many weapons and most armour.
You have supernaturally acute eyesight.
You are a herbivore.
You cover ground extremely quickly.
You need consume almost no food.


Message History

You completely miss Gargoyl's ghost.
Gargoyl's ghost is almost destroyed.
Gargoyl's ghost keens inconsolably.
Gargoyl's ghost closely misses you.
You hit Gargoyl's ghost.
Gargoyl's ghost is almost destroyed.
You hit Gargoyl's ghost but do no damage.
Gargoyl's ghost is almost destroyed.
Gargoyl's ghost hits you!
* * * LOW HITPOINT WARNING * * *
You hit Gargoyl's ghost but do no damage.
Gargoyl's ghost is almost destroyed.
Gargoyl's ghost misses you.
You hit Gargoyl's ghost but do no damage.
Gargoyl's ghost is almost destroyed.
Gargoyl's ghost closely misses you.
You hit Gargoyl's ghost but do no damage.
Gargoyl's ghost is almost destroyed.
Gargoyl's ghost hits you!
You die...

###### .....#### ####.##.. #
############## #.##.#.#
#((.((.(.W.((# #.##.#.###
#@##########(#
#.........###W# #.#
#.##.#.##....(####### #(#
#.............(.((((# #(#
##.#†#.#.##########(####(#
#.#.#.# #.((.((# #####.#...#
#..#####
.....)##.##.##########..#
########.##.....^...##..#####


You could see Gargoyl's ghost.

Vanquished Creatures
  4 adders
  3 giant geckos
  3 bats
  5 goblins
  2 hobgoblins
  A quokka (D:2)
  2 ball pythons (D:2)
  6 giant cockroaches
  A giant newt (D:1)
  3 kobolds (D:1)
  4 rats
34 creatures vanquished.

Notes
Turn   | Place    | Note
--------------------------------------------------------------
     0 | D:1      | Metrazal the Spriggan Assassin began the quest for the Orb.
     0 | D:1      | Reached XP level 1. HP: 10/10 MP: 2/2
    10 | D:1      | Reached skill level 6 in Stealth
   286 | D:1      | Reached XP level 2. HP: 14/14 MP: 3/3
   878 | D:1      | Found a sparkling altar of Nemelex Xobeh.
  1166 | D:2      | Found a shimmering altar of Xom.
  1349 | D:2      | Reached skill level 1 in Slings
  1349 | D:2      | Reached XP level 3. HP: 18/18 MP: 4/4
  1550 | D:2      | Found a stormy altar of Qazlal.
  1551 | D:2      | Found a snail-covered altar of Cheibriados.
  1831 | D:3      | Reached XP level 4. HP: 19/22 MP: 5/5
  1865 | D:3      | Noticed Gargoyl's ghost (amateur DsAK)
  2500 | D:3      | Slain by Gargoyl's ghost

Action                   |  1- 3 |  4- 6 || total
-------------------------+-------+-------++-------
Melee: Dagger            |    74 |    35 ||   109
 Fire: Hunting sling     |    10 |    83 ||    93
       Blowgun           |     7 |       ||     7
Evoke: Wand              |       |    10 ||    10
 Stab: Sleeping          |    11 |     4 ||    15
       Distracted        |     1 |       ||     1
